AoeStats
← MattAtArms

Arabia

507542954Analyzed
1v1 RM · 14d ago on Sep 18, 2026· 42m 15s· 2 players
Game mode
Random Map
Map size
Tiny (2 player)
Population
200
Speed
Normal
Resources
Standard
Victory
Conquest
Starting age
Dark Age
Ending age
Imperial Age
RankedLock teamsTeams togetherTeam positionsShared explorationLock speedFull tech treeHidden civsTurbo modeCheats
Victory
Defeat
🇬🇧 Chinese · United Kingdom
1901
+12
🇹🇷 Saracens · Türkiye
1814
-12
RYE|XXXXXX
6:55 Loom
7:10 Loom
9:54 Feudal Age
13:21 Double-Bit Axe
18:32 Castle Age
17:51 Fletching
19:17 Elite Skirmisher
21:09 Bodkin Arrow
22:30 Padded Archer Armor
26:11 Sanctity
31:48 Horse Collar
35:14 Imperial Age
33:13 Bow Saw
34:13 Wheelbarrow
36:11 Ballistics
36:01 Bracer
37:43 Leather Archer Armor
38:30 Hand Cart
40:39 Chemistry
40:51 Town Watch
41:25 Scale Barding Armor
MattAtArms
0:25 Loom
9:15 Feudal Age
9:25 Man-at-Arms
9:57 Double-Bit Axe
11:19 Horse Collar
14:41 Fletching
20:29 Castle Age
18:34 Gold Mining
19:40 Padded Archer Armor
20:30 Crossbowman
21:10 Bodkin Arrow
21:28 Bow Saw
25:47 Wheelbarrow
24:58 Town Watch
25:16 Heavy Plow
30:20 Ballistics
35:49 Imperial Age
35:59 Thumb Ring
36:09 Arbalester
37:58 Chemistry
37:19 Bracer
38:31 Leather Archer Armor
39:20 Scale Barding Armor
39:25 Forging
40:33 Chain Barding Armor
39:35 Light Cavalry
41:10 Bloodlines
41:27 Conscription
42:17 Iron Casting
Connection lost

Rejoining the realm…

Still unreachable

The connection could not be restored.

Session expired

The server has moved on; the page needs a fresh start.